 Dungeon Crawl Stone Soup version 0.32-a0-473-gd044c6f0f0 (webtiles) character file.

Game seed: 12221222048432599562

1173 Dordric the Basher (level 8, -1/63 HPs)
             Began as a Mountain Dwarf Fighter on Feb 25, 2024.
             Was an Initiate of Qazlal.
             Slain by a gnoll
             ... wielding a +0 club
             ... led by a gnoll bouda
              (7 damage)
             ... on level 5 of the Dungeon.
             The game lasted 00:06:44 (5118 turns).

Dordric the Basher (Mountain Dwarf Fighter)         Turns: 5118, Time: 00:06:44

Health: -1/63      AC:  7    Str: 20    XL:     8   Next: 18%
Magic:  8/8        EV:  8    Int: 10    God:    Qazlal [......]
Gold:   348        SH: 13    Dex:  9    Spells: 7/7 levels left

rFire   + . .        l - +0 morningstar (holy)
rCold   . . .        q - +0 tower shield
rNeg    . . .        e - +1 ring mail {Will+}
rPois   .            (no helmet)
rElec   .            (no cloak)
rCorr   .            j - +0 pair of gloves
SInv    .            (no boots)
Will    +....        (no amulet) Stlth
                     k - ring of protection from fire
HPRegen 0.30/turn    (no ring)
MPRegen 0.11/turn

%: no passive effects
@: about to teleport
A: runic magic, artefact enchanting
a: Renounce Religion


You were on level 5 of the Dungeon.
You worshipped Qazlal.
Qazlal was noncommittal.
You visited 1 branch of the dungeon, and saw 5 of its levels.

You collected 348 gold pieces.

Inventory:

Hand Weapons
 a - a +0 flail
 l - a +0 morningstar of holy wrath (weapon)
 m - the +9 falchion "Sukhul" {flame, +Blink Int+5}
   (You found it on level 2 of the Dungeon)

   Int+5:     It affects your intelligence (+5).
   +Blink:    It lets you blink.
Armour
 b - a +0 scale mail
 c - a +0 buckler
 e - a +1 ring mail of willpower (worn)
 i - a +0 kite shield
 j - a +0 pair of gloves (worn)
 q - a +0 tower shield (worn)
Jewellery
 k - a ring of protection from fire (left hand)
Wands
 t - a wand of iceblast (7)
Scrolls
 f - a scroll of poison {unknown}
 g - a scroll of teleportation
 r - a scroll of enchant armour {unknown}
Potions
 d - 3 potions of might
 h - 2 potions of heal wounds
 n - a potion of brilliance
 o - 2 potions of cancellation {unknown}
 p - a potion of invisibility {unknown}
 s - a potion of curing {unknown}


   Skills:
 - Level 3.2 Fighting
 + Level 9.1 Maces & Flails
 - Level 3.2 Armour
 + Level 7.8 Shields


You had 7 spell levels left.
You didn't know any spells.
Your spell library contained the following spells:

 Spells                   Type           Power      Damage    Failure   Level
 Ensorcelled Hibernation  Hex/Ice        0%         N/A       98%         2
 Passwall                 Erth           0%         N/A       100%        3
 Swiftness                Air            0%         N/A       100%        3


Dungeon Overview and Level Annotations

Branches:
Dungeon (5/15)
 Temple: D:4-7

Altars:
Ashenzari
Qazlal
Ru
The Shining One

Shops:
D:1 [   D:2 (*   D:5 !(


Innate Abilities, Weirdness & Mutations

Your spellcasting is much less encumbered by armour.
You can use scrolls of enchantment on lesser artefacts.


Message History

You are too injured to fight recklessly!
You are too injured to fight recklessly!
You are too injured to fight recklessly!
You are too injured to fight recklessly!
You are too injured to fight recklessly!
You are too injured to fight recklessly!
Unknown command.
You hit the gnoll bouda but do no damage.
The gnoll hits you but does no damage. You block the gnoll's attack.
You block the gnoll bouda's attack. The gnoll hits you with a +0 club.
You block the gnoll's attack. x2
You closely miss the gnoll bouda. You block the gnoll bouda's attack.
The gnoll closely misses you. You block the gnoll's attack.
The gnoll closely misses you. You block the gnoll bouda's attack.
You hit the gnoll bouda.
The gnoll bouda is lightly wounded.
You block the gnoll's attack. x3; You block the gnoll bouda's attack.
You sock the gnoll bouda!
The gnoll bouda is severely wounded.
You block the gnoll's attack. The gnoll barely misses you.
The gnoll hits you with a +0 flail.
The gnoll bouda hits you with a +0 whip.
* * * LOW HITPOINT WARNING * * *
The gnoll hits you but does no damage. The gnoll closely misses you.
You barely miss the gnoll bouda.
The gnoll bouda is severely wounded.
You block the gnoll's attack.
The gnoll bouda hits you with a +0 whip!
* * * LOW HITPOINT WARNING * * *
You block the gnoll's attack. The gnoll hits you with a +0 club.
* * * LOW HITPOINT WARNING * * *
The gnoll hits you but does no damage. You block the gnoll bouda's attack.
As you read the scroll of teleportation, it crumbles to dust.
You feel strangely unstable. You block the gnoll's attack.
The gnoll barely misses you. You block the gnoll's attack.
The gnoll bouda hits you but does no damage.
The gnoll is no longer moving quickly. x2; You block the gnoll's attack.
The gnoll is no longer moving quickly.
The gnoll attacks as it pursues you! The gnoll hits you with a +0 club!
You die...

#.............##.....##..####
#....####.....#..#.#..#.....###
##...## ##......##.##..........
#...## ###.............####..
##.## ##......######## ### ###
#...gg..## #....##..#
##..gg##..## #....@###..#
#....## #..## #....# ##..#
##...## ##.## ##### #....#
#..####...# ##...##
##..#.....## #....# #.........#
#....# ##......... #### ##...##
##..........


You could see a gnoll bouda and 3 gnolls.

Vanquished Creatures
  An ice beast (D:5)
  3 ogres
  A scorpion (D:3)
  A howler monkey (D:5)
  A bombardier beetle (D:2)
  2 jellies (D:4)
  A gnoll bouda (D:4)
  6 hounds
  2 sleepcaps (D:5)
  2 iguanas
  2 orc wizards
  5 adders
  12 gnolls
  2 ufetubi (D:5)
  4 ribbon worms
  3 dart slugs
  7 orcs
  9 ball pythons
  2 bats (D:2)
  6 endoplasms
  2 giant cockroaches
  3 goblins (D:2)
  11 hobgoblins
  3 jackals (D:1)
  3 quokkas
  9 kobolds
  10 rats
113 creatures vanquished.

Notes
Turn   | Place    | Note
-------+----------+-------------------------------------------
     0 | D:1      | Dordric the Mountain Dwarf Fighter began the quest for the
                  | Orb.
     0 | D:1      | Reached XP level 1. HP: 19/19 MP: 1/1
    15 | D:1      | Found Pucyrrops's Antique Armour Shoppe.
    81 | D:1      | Reached skill level 3 in Maces & Flails
   198 | D:1      | Reached XP level 2. HP: 26/26 MP: 2/2
   352 | D:1      | Reached skill level 4 in Maces & Flails
   753 | D:2      | Reached XP level 3. HP: 31/31 MP: 3/3
  1176 | D:2      | Reached skill level 5 in Maces & Flails
  1176 | D:2      | Reached XP level 4. HP: 38/38 MP: 4/4
  1181 | D:2      | Found Miakurip's Assorted Antiques.
  1328 | D:2      | Identified the +9 falchion "Sukhul" {flame, +Blink Int+5}
  1427 | D:2      | Found Semm's Antique Weapon Shoppe.
  1549 | D:2      | Reached XP level 5. HP: 38/45 MP: 5/5
  1678 | D:3      | Found a sacrificial altar of Ru.
  1848 | D:3      | Found a glowing golden altar of the Shining One.
  2436 | D:4      | Reached skill level 6 in Maces & Flails
  2492 | D:3      | HP: 2/45 [poisoned by a scorpion]
  2496 | D:3      | Reached skill level 5 in Shields
  2496 | D:3      | Reached XP level 6. HP: 12/51 MP: 6/6
  2503 | D:3      | HP: 2/51 [poisoned by a scorpion]
  3056 | D:4      | Reached skill level 7 in Maces & Flails
  3112 | D:4      | Reached XP level 7. HP: 56/57 MP: 7/7
  3289 | D:4      | Found a broken altar of Ashenzari.
  3352 | D:5      | Entered Level 5 of the Dungeon
  3828 | D:5      | Found a stormy altar of Qazlal.
  3861 | D:5      | Reached skill level 8 in Maces & Flails
  3867 | D:5      | Became a worshipper of Qazlal Stormbringer
  4053 | D:5      | Found Innason's Antique Weapon Boutique.
  4139 | D:5      | Found Gothror's Distillery.
  4505 | D:5      | Reached XP level 8. HP: 51/63 MP: 8/8
  4525 | D:5      | Reached skill level 9 in Maces & Flails
  5118 | D:5      | Slain by a gnoll

Illustrated notes

Levels and vault maps discovered:
D:1:      dpeg_arrival_ratfight, layout_loops_ring, serial_shops,
          nicolae_shop_behind_doors, minmay_pentomino_o2
D:2:      layout_basic, serial_shops, shop, shop
D:3:      layout_basic, mainiacjoe_overflow_brackets, amcnicky_altar_gilded,
          amcnicky_mini_corridor_feature
D:4:      layout_rooms, ashenzari_altar_1
D:5:      layout_cave_pods, mainiacjoe_overflow_small_starburst, serial_shops,
          shop_statue, shop, minmay_checkerbox

Skill      XL: |  1  2  3  4  5  6  7  8 |
---------------+-------------------------+-----
Maces & Flails | 3 4 5 6 7 8 9 |  9.1
Shields        | 4 5 6 7 |  7.8
Fighting       | |  3.2
Armour         | |  3.2

Action                     |  1- 3 |  4- 6 |  7- 9 || total
---------------------------+-------+-------+-------++-------
  Melee: Flail             |   134 |     4 |       ||   138
         Falchion          |       |    78 |    31 ||   109
         Morningstar       |       |       |   180 ||   180
    Use: Potion            |       |     4 |       ||     4
         Scroll            |       |     3 |     2 ||     5
 Armour: Scale mail        |    99 |    67 |       ||   166
         Ring mail         |       |     5 |   220 ||   225
  Dodge: Dodged            |    45 |    51 |    95 ||   191
  Block: Buckler           |    23 |    24 |       ||    47
         Kite shield       |       |     3 |    84 ||    87
         Tower shield      |       |       |   120 ||   120

Table legend: (Time is in decaauts)
 A = Elapsed time spent in this place.
 B = Non-inter-level travel time spent in this place.
 C = Inter-level travel time spent in this place.
 D = Time resting spent in this place.
 E = Time spent auto-exploring this place.
 F = Levels seen in this place.
 G = Mean time per level.
                   A        B        C        D        E       F      G
               +--------+--------+--------+--------+--------+-----+--------+
         Total |   5228 |   5178 |     50 |   1198 |   2877 |   5 | 1045.6 |
       Dungeon |   5228 |   5178 |     50 |   1198 |   2877 |   5 | 1045.6 |
               +--------+--------+--------+--------+--------+-----+--------+

Top non-repeatable levels by time:
     D:5: 1510 daAuts
     D:3: 1159 daAuts
     D:2: 959 daAuts
     D:4: 848 daAuts
     D:1: 751 daAuts
